 Dungeon Crawl Stone Soup version 0.17-a0-2122-g03d97ec (webtiles) character file.

183 4thArraOfDagon the Ruffian (level 5, -1/50 HPs)
             Began as a Naga Monk on Oct 21, 2015.
             Was a Believer of Ashenzari.
             Slain by a black bear (2 damage)
             ... on level 6 of the Dungeon.
             The game lasted 00:07:32 (1056 turns).

4thArraOfDagon the Ruffian (Naga Monk)              Turns: 1056, Time: 00:07:33

Health: -1/50      AC:  5    Str: 14    XL:     5   Next: 62%
Magic:  5/5        EV:  9    Int: 11    God:    Ashenzari [**....]
Gold:   128        SH:  0    Dex: 13    Spells: 0 memorised, 4 levels left

rFire  . . .     SeeInvis +       - Unarmed
rCold  . . .     Clarity  .     g - +0 ring mail
rNeg   . . .     SustAt   .     (no shield)
rPois  +         Gourm    .     o - +0 helmet
rElec  .         Spirit   .     (no cloak)
rCorr  .         Warding  .     (no gloves)
rMut   .         Stasis   .     (no barding)
MR     .....                    (no amulet)
Stlth  ++........               (no ring)
                                (no ring)

@: short of breath, very slightly contaminated, hasted, quick, not resistant to
hostile enchantments, unstealthy
A: see invisible, deformed body, poison resistance, slowness 2, slow metabolism
1, spit poison 2, AC +1
a: Spit Poison, Scrying, Renounce Religion


You were on level 6 of the Dungeon.
You worshipped Ashenzari.
Ashenzari was pleased with you.
You were not hungry.

You visited 1 branch of the dungeon, and saw 6 of its levels.

You collected 128 gold pieces.

Inventory:

Armour
 g - a +0 ring mail (worn)
 o - a +0 helmet (worn)
Wands
 j - a wand of hasting (6)
 l - a wand of slowing (26)
Scrolls
 d - a scroll of random uselessness {unknown}
 k - a scroll of magic mapping
 m - a scroll of remove curse
Potions
 i - a potion of agility
 p - a potion of curing {unknown}
Books
 c - a book of Party Tricks

   Spells                             Type                      Level
   a - Summon Butterflies             Summoning                    1
   b - Apportation                    Translocation                1
   c - Tukima's Dance                 Hexes                        3
   d - Alistair's Intoxication        Transmutation/Poison         4
   e - Invisibility                   Hexes                        6
Comestibles
 b - a bread ration
 q - a meat ration


   Skills:
 + Level 3.7 Fighting
 + Level 3.1 Dodging
 + Level 4.5 Stealth
 * Level 5.3 Unarmed Combat


You had 4 spell levels left.
You didn't know any spells.

Dungeon Overview and Level Annotations

Branches:
Dungeon (6/15)             Temple (0/1) D:5

Altars:
Ashenzari
The Shining One

Shops:
D:5 [

Annotations:
D:5 Menkaure


Innate Abilities, Weirdness & Mutations

You cannot wear boots.
Your serpentine skin is tough (AC +1).
You have supernaturally acute eyesight.
Armour fits poorly on your strangely shaped body.
Your system is resistant to poisons.
You cover ground very slowly.
You have a slow metabolism.
You can spit poison.


Message History

Unknown command.
You hit the black bear but do no damage.
The black bear is almost dead.
Unknown command.
Unknown command.
Unknown command.
You hit the black bear but do no damage.
The black bear is almost dead.
The black bear bites you but does no damage.
The black bear claws you.
* * * LOW HITPOINT WARNING * * *
The black bear barely misses you.
Unknown command.
Unknown command.
Unknown command.
Unknown command.
The black bear bites you.
* * * LOW HITPOINT WARNING * * *
The black bear claws you.
You die...

### #<#
#[# #.#
#.# #.#
#@# #h#
#.# #.#
*#'# * ,
...,,,* *
....( ,* *
*, $....?.
* , *
.)..>....+
,


You could see a black bear (berserk).

Vanquished Creatures
  A scorpion (D:4)
  An iguana (D:6)
  2 worker ants
  An adder (D:4)
  An ooze (D:4)
  3 giant geckos
  3 orcs
  2 ball pythons (D:3)
  3 goblins
  4 hobgoblins
  9 jackals
  A kobold (D:1)
  A quokka (D:4)
  A bat (D:3)
  4 giant newts
  2 rats (D:2)
39 creatures vanquished.

Notes
Turn   | Place    | Note
--------------------------------------------------------------
     0 | D:1      | 4thArraOfDagon the Naga Monk began the quest for the Orb.
     0 | D:1      | Reached XP level 1. HP: 21/21 MP: 1/1
    71 | D:1      | Reached XP level 2. HP: 13/28 MP: 2/2
   402 | D:3      | Reached XP level 3. HP: 32/34 MP: 3/3
   496 | D:4      | Noticed a scorpion
   529 | D:4      | Found a glowing golden altar of the Shining One.
   639 | D:4      | Killed a scorpion
   639 | D:4      | Reached skill level 5 in Unarmed Combat
   639 | D:4      | Reached XP level 4. HP: 14/42 MP: 4/4
   723 | D:4      | Found a shattered altar of Ashenzari.
   760 | D:4      | Reached XP level 5. HP: 29/49 MP: 5/5
   811 | D:4      | Became a worshipper of Ashenzari the Shackled
   811 | D:4      | Reached * piety under Ashenzari
   811 | D:4      | Reached ** piety under Ashenzari
   824 | D:5      | Entered Level 5 of the Dungeon
   862 | D:5      | Noticed Menkaure
   915 | D:5      | Found Juzapugi's Armour Shoppe.
   937 | D:6      | Noticed a black bear
  1056 | D:6      | HP: 1/50 [black bear (2)]
  1056 | D:6      | Slain by a black bear

Vault maps used:
D:1:      tarquinn_simple_flora_water_d, st_stairs_12, hex_large,
          amethyst_killhole
D:2:      uniq_terence
D:3:      led_sif_pool, first_bread
D:4:      ashenzari_conservatory_becter, nicolae_overflow_crystal_walls
D:5:      minmay_temple_entry_hall, serial_shops, kennysheep_mini, uniq_menkaure

Action                   |  1- 3 |  4- 6 || total
-------------------------+-------+-------++-------
Melee: Unarmed           |    64 |    61 ||   125
 Abil: Spit Poison       |    37 |    11 ||    48
Evoke: Wand              |       |     6 ||     6
  Use: Potion            |     2 |     2 ||     4
       Scroll            |       |     6 ||     6
  Eat: Chunk             |     1 |     1 ||     2
       Beef jerky        |       |     1 ||     1
